 Dungeon Crawl Stone Soup version 0.29-a0-330-g52719c12eb (webtiles) character file.

Game seed: 6899036029173985103

307 Anon1729 the Ducker (level 6, 0/40 HPs)
             Began as a Djinni Venom Mage on Apr 17, 2022.
             Shot with a bolt by a gnoll (8 damage)
             ... on level 4 of the Dungeon.
             The game lasted 00:05:09 (4371 turns).

Anon1729 the Ducker (Djinni Venom Mage)             Turns: 4371, Time: 00:05:09

Health: 0/40       AC:  2    Str:  7    XL:     6   Next: 68%
Gold:   160        EV: 13    Int: 19    God:
                   SH:  0    Dex: 13

rFire   + + .      SeeInvis .   l - +0 dagger
rCold   x . .      Faith    .   (no shield)
rNeg    . . .      Spirit   .   a - +0 robe
rPois   ∞          Reflect  .   (no helmet)
rElec   .          Harm     .   (no cloak)
rCorr   .          Rampage  .   (no gloves)
Will    .....                   (boots unavailable)
Stlth   ++........              (no amulet)
HPRegen 0.13/turn               i - ring of wizardry
MPRegen 0.00/turn               (no ring)

@: flying
A: sickness immunity, fire resistance 2, cold vulnerability 1, float, innate
caster, HP casting, extra vitality 1
a: no special abilities


You were on level 4 of the Dungeon.
You visited 1 branch of the dungeon, and saw 4 of its levels.

You collected 160 gold pieces.

Inventory:

Hand Weapons
 l - a +0 dagger (weapon)
Missiles
 c - 6 poisoned darts
 m - 5 curare-tipped darts
 p - 2 throwing nets
Armour
 a - a +0 robe (worn)
Jewellery
 i - a ring of wizardry (left hand)
Wands
 n - a wand of flame (28)
Scrolls
 b - a scroll of teleportation {unknown}
 d - 3 scrolls of vulnerability {unknown}
 f - a scroll of fog {unknown}
 h - 2 scrolls of amnesia {unknown}
 j - 3 scrolls of identify {unknown}
 o - a scroll of noise {unknown}
 q - 2 scrolls of immolation {unknown}
Potions
 e - 2 potions of heal wounds {unknown}
 g - 2 potions of haste {unknown}
 k - a potion of invisibility {unknown}
 r - a potion of resistance {unknown}
 s - a potion of magic {unknown}
 t - a potion of curing {unknown}


   Skills:
 + Level 4.1 Dodging
 + Level 3.2 Stealth
 * Level 4.0 Spellcasting


You couldn't memorise any spells.
You knew the following spells:

 Your Spells              Type           Power      Damage    Failure   Level
a - Sting                 Tmut/Pois      76%        1d6       1%          1
b - Poisonous Vapours     Pois/Air       38%        N/A       1%          2
c - Mephitic Cloud        Conj/Pois/Air  19%        N/A       3%          3
d - Olgreb's Toxic Radia  Pois           19%        N/A       11%         4
e - Magic Dart            Conj           76%        1d6       1%          1
f - Corpse Rot            Necr/Air       38%        N/A       1%          2
Your spell library was empty.

Dungeon Overview and Level Annotations

Branches:
Dungeon (4/15)
 Temple: D:4-7

Altars:

Shops:
D:1 (

Annotations:
D:3 2 transporters, Flugslaktarn's ghost, weakling HuFE


Innate Abilities, Weirdness & Mutations

You are immune to sickness and miasma.
You are immune to poison.
Your flesh is very heat resistant. (rF++)
You are vulnerable to cold. (rC-)
You float through the air rather than walking.
You learn spells naturally, not from books.
Your magical power is your life essence.
You have superior vitality. (+4 MHP)


Message History

Your toxic aura wanes.
A gnoll comes into view. It is wielding a +0 halberd.
The gnoll zaps a wand.
You resist with some effort.
Casting: Sting (safe; 1% risk of failure)
Confirm with . or Enter, or press ? or * to list all spells.
The spell is quite dangerous to miscast (11% risk of failure)!
Continue anyway?
You begin to radiate toxic energy.
You kill the gnoll!
The gnoll shouts!
The gnoll is poisoned.
The gnoll looks even sicker.
A gnoll comes into view. It is wielding a +0 flail.
The gnoll looks even sicker.
The gnoll shouts!
The gnoll is poisoned.
Your toxic aura wanes.
The gnoll unwields a +0 flail.
The gnoll wields a +0 hand crossbow.
The gnoll shoots a bolt.
The bolt barely misses you.
You kill the gnoll!
The gnoll shoots a bolt.
The bolt hits you.
* * * LOW HITPOINT WARNING * * *
The gnoll shoots a bolt.
The bolt misses you.
Casting: Olgreb's Toxic Radiance (quite dangerous; 11% risk of failure)
Confirm with . or Enter, or press ? or * to list all spells.
You smell decay.
* * * LOW HITPOINT WARNING * * *
Things that are here:
a +0 dagger; a kobold skeleton
Casting: Corpse Rot (safe; 1% risk of failure)
Confirm with . or Enter, or press ? or * to list all spells.
You can't see any susceptible monsters within range! (Use Z to cast anyway.) Unknown command.
Casting: Corpse Rot (safe; 1% risk of failure)
Confirm with . or Enter, or press ? or * to list all spells.
Aiming: Mephitic Cloud (dangerous; 3% risk of failure)
Press: ? - help, Shift-Dir - straight line The ball explodes into a vile cloud!
* * * LOW HITPOINT WARNING * * *
The gnoll shoots a bolt.
The bolt misses you.
The gnoll shoots a bolt.
The bolt hits you!
You die...

### ##########.# #.@....°○g.#
#.########.# #.#.....<#.#
###############.#.######.####
...##........##.#....#......#
...##........##.#........##.#
................#........g#.#####
.................................
............#...........###)#####


You could see a gnoll.

Vanquished Creatures
  A sky beast (D:3)
  A scorpion (D:3)
  6 gnolls
  An adder (D:3)
  3 dart slugs
  5 orcs
  10 endoplasms
  6 giant cockroaches
  6 goblins
  6 hobgoblins
  A quokka (D:2)
  5 ball pythons
  6 bats
  2 frilled lizards (D:1)
  11 kobolds
  4 rats (D:1)
74 creatures vanquished.

Vanquished Creatures (others)
  15 plants (D:1)
15 creatures vanquished.

Grand Total: 89 creatures vanquished

Notes
Turn   | Place    | Note
-------+----------+-------------------------------------------
     0 | D:1      | Anon1729 the Djinni Venom Mage began the quest for the Orb.
     0 | D:1      | Reached XP level 1. HP: 15/15 MP: 0/0
   170 | D:1      | Reached XP level 2. HP: 18/21 MP: 0/0
   547 | D:1      | Found Jibem's Antique Weapon Boutique.
   568 | D:1      | Reached XP level 3. HP: 18/25 MP: 0/0
   568 | D:1      | Learned a level 1 spell: Magic Dart
  1868 | D:2      | Reached XP level 4. HP: 30/31 MP: 0/0
  3113 | D:3      | Noticed a sky beast
  3119 | D:3      | Killed a sky beast
  3120 | D:3      | Reached XP level 5. HP: 17/35 MP: 0/0
  3120 | D:3      | Learned a level 2 spell: Corpse Rot
  3120 | D:3      | Reached XP level 6. HP: 20/40 MP: 0/0
  3289 | D:3      | Found a transporter.
  3289 | D:3      | Noticed Flugslaktarn's ghost (weakling HuFE)
  3612 | D:3      | Found a transporter.
  3856 | D:3      | Found a faded altar of an unknown god.
  4371 | D:4      | Shot with a bolt by a gnoll

Illustrated notes

Levels and vault maps discovered:
D:1:      grunt_arrival_crossed_arrows, layout_rooms, serial_shops,
          nicolae_shop_trees, chequers_garden, lexackson_kobold_supper
D:2:      layout_basic
D:3:      layout_basic, gammafunk_ghost_mausoleum,
          hellmonk_ecumenical_altar_lost_god, minivault_24
D:4:      layout_basic, nicolae_dithmenos_shadow_blocks,
          minmay_stone_trees_medium

Skill      XL: |  1  2  3  4  5  6 |
---------------+-------------------+-----
Stealth        | 2 3 |  3.2
Dodging        | 3 4 |  4.1
Spellcasting   | 3 4 |  4.0

Action                   |  1- 3 |  4- 6 || total
-------------------------+-------+-------++-------
Melee: Unarmed           |    45 |     1 ||    46
       Dagger            |       |     6 ||     6
 Cast: Sting             |    78 |    71 ||   149
       Olgreb's Toxic Ra |       |    11 ||    11
       Mephitic Cloud    |       |     1 ||     1
       Corpse Rot        |       |     1 ||     1
 Stab: Sleeping          |       |     1 ||     1
Armor: Robe              |    10 |     6 ||    16
Dodge: Dodged            |    27 |    32 ||    59

Table legend: (Time is in decaauts)
 A = Elapsed time spent in this place.
 B = Non-inter-level travel time spent in this place.
 C = Inter-level travel time spent in this place.
 D = Time resting spent in this place.
 E = Time spent auto-exploring this place.
 F = Levels seen in this place.
 G = Mean time per level.
                   A        B        C        D        E       F      G
               +--------+--------+--------+--------+--------+-----+--------+
         Total |   4369 |   4310 |     59 |    313 |   3418 |   4 | 1092.2 |
       Dungeon |   4369 |   4310 |     59 |    313 |   3418 |   4 | 1092.2 |
               +--------+--------+--------+--------+--------+-----+--------+

Top non-repeatable levels by time:
     D:1: 1790 daAuts
     D:2: 1321 daAuts
     D:3: 934 daAuts
     D:4: 322 daAuts
